 Dungeon Crawl Stone Soup version 0.23.2-1-ga50397a6bc (webtiles) character file.

Game seed: 8887110293048367722

227629 Revguard the Bludgeoner (level 18, -2/125 HPs)
             Began as a Gargoyle Gladiator on Apr 22, 2019.
             Was the Champion of Nemelex Xobeh.
             Shot with a bolt by a yaktaur captain (7 damage)
             ... on level 1 of the Vaults.
             The game lasted 02:40:19 (30642 turns).

Revguard the Bludgeoner (Gargoyle Gladiator)       Turns: 30642, Time: 02:40:20

Health: -2/125     AC: 45    Str: 21    XL:     18   Next: 93%
Magic:  25/25      EV: 16    Int: 12    God:    Nemelex Xobeh [******]
Gold:   2847       SH:  0    Dex: 18    Spells: 17/17 levels left

rFire    + + +     SeeInvis .   F - +10 demon whip of the Goat {vamp, rF+++}
rCold    + + .     Gourm    .   (no shield)
rNeg     + . .     Faith    .   c - +4 plate armour {rC+}
rPois    ∞         Spirit   .   (helmet restricted)
rElec    +         Reflect  .   L - scarf {rC+ rF+}
rCorr    .         Harm     .   X - +2 pair of gloves {Dex+3}
MR       ++...                  y - +1 pair of boots
Stlth    ..........             O - amulet "Xorghutre" {+Rage Int+2}
HPRegen  0.30/turn              M - +4 ring of evasion
MPRegen  0.19/turn              o - +4 ring of protection

@: flying, studying Axes
A: big wings, hooves 1, horns 1, blink, magic resistance 1, negative energy
resistance 1, electricity resistance, unbreathing, petrification resistance, rot
immunity, AC +13
}: 2/15 runes: barnacled, gossamer
a: Stop Flying, Blink, Draw Escape, Draw Destruction, Draw Summoning, Triple
Draw, Deal Four, Stack Five, Renounce Religion, Evoke Berserk Rage


You were on level 1 of the Vaults.
You worshipped Nemelex Xobeh.
Nemelex Xobeh was exalted by your worship.
You were very hungry.

You visited 7 branches of the dungeon, and saw 31 of its levels.
You also visited: Ossuary and Gauntlet.

You collected 3087 gold pieces.
You spent 240 gold pieces at shops.

Inventory:

Hand Weapons
 F - the +10 demon whip of the Goat (weapon) {vamp, rF+++}
   (You found it on level 1 of the Spider Nest)

   It inflicts no extra harm, but heals its wielder when it wounds a living foe.
   It renders you almost immune to fire.
Missiles
 m - 150 arrows
Armour
 c - a +4 plate armour of cold resistance (worn)
 y - a +1 pair of boots (worn)
 L - a scarf of resistance (worn)
 N - a +4 plate armour of fire resistance
 X - a +2 pair of gloves of dexterity (worn)
Jewellery
 a - an uncursed amulet of the acrobat
 o - a +4 ring of protection (right hand)
 x - the ring "Kefi" {MR+ MP+9}
   (You found it on level 4 of the Shoals)

   [ring of magical power]

   It affects your resistance to hostile enchantments.
   It affects your magic capacity (+9).
 J - an uncursed ring of protection from cold
 M - a +4 ring of evasion (left hand)
 O - the amulet "Xorghutre" (around neck) {+Rage Int+2}
   (You acquired it on level 4 of the Spider Nest)

   [amulet of rage]

   It affects your intelligence (+2).
   It lets you go berserk.
Wands
 b - a wand of enslavement (8)
 i - a wand of flame (49)
 s - a wand of paralysis (10)
 K - a wand of random effects (21)
 Q - a wand of digging (5)
 T - a wand of polymorph (2)
Scrolls
 h - a scroll of holy word
 j - 6 scrolls of fog
 l - 14 scrolls of remove curse
 n - 3 scrolls of fear
 q - 10 scrolls of teleportation
 u - 3 scrolls of blinking
 w - 7 scrolls of amnesia
 B - 4 scrolls of immolation
 E - 4 scrolls of noise
 G - a scroll of identify
 H - 2 scrolls of enchant weapon
 S - 3 scrolls of magic mapping
 W - a scroll of summoning
 Z - 3 scrolls of enchant armour
Potions
 d - 2 potions of agility
 g - 2 potions of might
 k - 4 potions of haste
 p - 3 potions of lignification
 r - 6 potions of curing
 t - 2 potions of cancellation
 z - a potion of magic
 A - 4 potions of brilliance
 C - 5 potions of flight
 D - 3 potions of resistance
 I - a potion of mutation
 R - 2 potions of berserk rage
Books
 V - a manual of Axes
Miscellaneous
 e - a fan of gales
 P - a phantom mirror
 U - a crystal ball of energy
Comestibles
 f - 50 rations


   Skills:
 + Level 18.3 Fighting
 + Level 19.2 Maces & Flails
 - Level 1.7 Throwing
 + Level 17.0 Armour
 + Level 7.5 Dodging
 + Level 10.1 Invocations
 + Level 3.5 Evocations


You had 17 spell levels left.
You didn't know any spells.
Your spell library contained the following spells:

 Spells                   Type           Power        Failure   Level  Hunger
 Animate Skeleton         Necr           N/A          96%         1    ##.....
 Apportation              Tloc           #.....       96%         1    ##.....
 Confusing Touch          Hex            #.....       96%         1    ##.....
 Flame Tongue             Conj/Fire      #....        96%         1    ##.....
 Freeze                   Ice            #...         96%         1    ##.....
 Pain                     Necr           #...         96%         1    ##.....
 Shock                    Conj/Air       #...         96%         1    ##.....
 Sting                    Conj/Pois      #...         96%         1    ##.....
 Summon Small Mammal      Summ           #...         96%         1    ##.....
 Poisonous Vapours        Pois/Air       #.....       99%         2    ###....
 Swiftness                Chrm/Air       #.......     99%         2    ###....
 Throw Flame              Conj/Fire      #.....       99%         2    ###....
 Throw Frost              Conj/Ice       #.....       99%         2    ###....
 Conjure Flame            Conj/Fire      #.......     100%        3    ####...
 Inner Flame              Hex/Fire       #.......     100%        3    ####...
 Mephitic Cloud           Conj/Pois/Air  #.......     100%        3    ####...
 Ozocubu's Armour         Chrm/Ice       #.......     100%        3    ####...
 Regeneration             Chrm/Necr      #.........   100%        3    ####...
 Static Discharge         Conj/Air       #.......     100%        3    ####...
 Vampiric Draining        Necr           #.........   100%        3    ####...
 Airstrike                Air            #.........   100%        4    #####..
 Animate Dead             Necr           N/A          100%        4    #####..
 Cause Fear               Hex            #.........   100%        4    #####..
 Olgreb's Toxic Radiance  Pois           #.......     100%        4    #####..
 Sticky Flame             Conj/Fire      #.......     100%        4    #####..
 Summon Ice Beast         Ice/Summ       #.......     100%        4    #####..
 Throw Icicle             Conj/Ice       #.......     100%        4    #####..
 Fireball                 Conj/Fire      #.........   100%        5    ######.
 Lightning Bolt           Conj/Air       #.........   100%        5    ######.
 Silence                  Hex/Air        #.........   100%        5    ######.
 Venom Bolt               Conj/Pois      #.........   100%        5    ######.
 Yara's Violent Unravell  Hex/Tmut       #.........   100%        5    ######.
 Deflect Missiles         Chrm/Air       #.........   100%        6    #######
 Discord                  Hex            #.........   100%        8    #######


Dungeon Overview and Level Annotations

Branches:
Dungeon (13/15)            Temple (1/1) D:7            Lair (6/6) D:11
 Shoals (4/4) Lair:2       Spider (4/4) Lair:4        Slime (0/5) Lair:5
    Orc (2/2) D:12            Elf (0/3) Orc:2        Vaults (1/5) D:13

Altars:
Ashenzari
Cheibriados
Dithmenos
Elyvilon
Fedhas
Gozag
Hepliaklqana
Kikubaaqudgha
Makhleb
Nemelex Xobeh
Okawaru
Qazlal
Ru
Sif Muna
Trog
Uskayaw
Vehumet
Wu Jian
Xom
Yredelemnul
Zin
The Shining One
Beogh
Jiyva

Shops:
D:8 (   Orc:2 **([

Portals:
Hell: Lair:6
Trove: D:11 (give +7 demon blade)

Annotations:
D:8 2 transporters


Innate Abilities, Weirdness & Mutations

You are resistant to torment.
Your stone body is resilient. (AC +13)
You are immune to poison.
Your large and strong wings let you fly indefinitely.
You resist negative energy. (rN+)
You are resistant to electric shocks. (rElec)
You can survive without breathing.
You are immune to petrification.
You are immune to rotting.
You have large cloven feet.
You have a pair of small horns on your head.
You can translocate small distances at will.
You are resistant to hostile enchantments. (MR+)


Message History

You see here 4 bolts.
You hit the vault warden simulacrum.
The vault warden simulacrum is lightly damaged.
The vault warden simulacrum closely misses you.
You draw a card...
You have drawn the Cloud.
Clouds appear around you!
A yaktaur comes into view.
The yaktaur captain shoots a bolt.
The bolt misses you.
You draw a card...
You have drawn the Cloud.
Clouds appear around you!
The yaktaur shouts!
You hear a shout! x2
The vault warden simulacrum hits you but does no damage.
You draw a card...
You have drawn the Cloud.
Clouds appear around you!
The vault warden simulacrum hits you but does no damage.
The yaktaur is engulfed in noxious fumes.
The yaktaur appears confused.
You thrash the vault warden simulacrum!!
The vault warden simulacrum is severely damaged.
The yaktaur captain is engulfed in noxious fumes.
The yaktaur captain shoots a bolt.
The bolt hits you!
You die...
Your body glows with a rainbow of weird colours and disappears.

.........#
.........#
.........#
.......).#
......)))#
.....)(..#
......)..#
.....[.[(###
.....(...@○# .
..○c..).[☼Z# ...
...○...).○○###.H.#.
..○○....(☼☼c.......
........(.○#☼.cc.Z.
...........###.c.#.
...........# #{p.
...........# p.
...........# .


You could see a yaktaur captain, a yaktaur (confused) and a vault warden
simulacrum.

Vanquished Creatures
  2 krakens (Shoals:2)
  Roxanne (Shoals:4)
  A fire giant (Vaults:1)
  3 emperor scorpions (Spider:4)
  An orc warlord (Orc:2)
  5 ghost moths
  Louise (Shoals:2)
  3 ironheart preservers (Vaults:1)
  3 entropy weavers
  2 spark wasps
  A minotaur (Gauntlet)
  4 merfolk javelineers
  4 merfolk impalers
  A yaktaur captain (Vaults:1)
  An ice dragon (Shoals:2)
  A great orb of eyes (Gauntlet)
  Harold (D:8)
  A rakshasa (Vaults:1)
  8 vault guards (D:13)
  2 catoblepae
  13 hydras
  An anaconda (D:13)
  3 two-headed ogres
  3 centaur warriors
  2 merfolk aquamancers (Shoals:4)
  2 merfolk avatars (Shoals:4)
  An alligator snapping turtle (Shoals:4)
  2 satyrs (Shoals:3)
  A deep troll shaman (Vaults:1)
  4 orc high priests
  2 deep troll earth magi (Vaults:1)
  Urug (D:10)
  A sixfirhy (Lair:6)
  Nergalle (D:11)
  A death drake (Spider:4)
  An unseen horror (D:12)
  15 sea snakes
  A wizard (Lair:6)
  A glowing orange brain (Vaults:1)
  3 deep trolls (Vaults:1)
  An ironbrand convoker (Vaults:1)
  Pikel (D:5)
  16 orb spiders
  An oklob plant (Lair:3)
  31 harpies
  25 wolf spiders
  An orc knight (Orc:2)
  19 manticores
  A deep elf mage (D:12)
  13 fauns
  2 ugly things
  4 moths of wrath
  4 cyclopes
  2 black mambas (Lair:4)
  8 elephants (Lair:6)
  4 torpor snails
  A guardian serpent (Vaults:1)
  8 merfolk sirens
  An eye of devastation (Vaults:1)
  5 water nymphs
  A smoke demon (Lair:6)
  4 molten gargoyles
  4 orange demons (Lair:6)
  A centaur skeleton (D:12)
  3 gargoyles
  18 spiny frogs
  A minotaur zombie (Gauntlet)
  3 rime drakes (Lair:6)
  9 demonic crawlers
  17 komodo dragons
  3 yaktaurs (Vaults:1)
  A freezing wraith (Vaults:1)
  25 jumping spiders
  18 merfolk
  2 trolls
  6 wind drakes
  6 hornets
  7 slime creatures
  9 snapping turtles
  Prince Ribbit (D:5)
  2 raiju
  17 blink frogs
  12 dream sheep
  9 hippogriffs
  A wraith (D:10)
  3 water elementals
  23 tarantellas
  49 redbacks
  2 wyverns
  A basilisk (Lair:5)
  39 yaks
  A steam dragon (D:10)
  A soldier ant (D:12)
  3 wargs
  A chaos spawn (Lair:6)
  An acid dragon (D:11)
  8 water moccasins
  7 porcupines
  4 hell hounds (Lair:6)
  A meliai simulacrum (D:10)
  5 ice beasts
  An eye of draining (D:12)
  30 orc warriors
  2 sky beasts
  2 black bears
  A necrophage (D:6)
  A tengu (Spider:3)
  12 ogres
  3 phantoms
  27 wolves
  14 centaurs
  12 crocodiles
  A big kobold (D:7)
  19 bullfrogs
  A wyvern skeleton (D:13)
  2 scorpions
  9 killer bees (D:10)
  2 howler monkeys
  8 wights
  3 electric eels
  5 lava snakes (D:11)
  6 crimson imps
  3 bullfrog zombies
  A centaur zombie (Ossuary)
  A human zombie (Ossuary)
  4 bullfrog skeletons
  A quasit (D:10)
  5 jellies
  2 gnoll shamans
  7 hounds
  23 orc wizards
  19 orc priests
  Terence (D:2)
  6 iguanas
  9 worker ants
  A hell rat (Lair:6)
  A big kobold zombie (Ossuary)
  4 mummies (Ossuary)
  A worker ant zombie (D:8)
  A howler monkey zombie (D:10)
  13 gnolls
  10 adders
  6 oozes
  2 adder skeletons
  A worm (D:3)
  A dart slug (D:3)
  7 leopard geckos
  77 orcs
  4 giant cockroaches
  A gnoll zombie (Ossuary)
  8 goblins
  7 hobgoblins
  7 jackals
  3 quokkas
  4 bats
  6 frilled lizards
  A giant cockroach zombie (D:5)
  2 goblin zombies (Ossuary)
  A jackal zombie (D:7)
  10 kobolds
  A kobold zombie (Ossuary)
  A leopard gecko zombie (D:5)
  An orc zombie (Ossuary)
  2 quokka zombies
  8 rats
  3 plants
  5 tentacles (Shoals:2)
1025 creatures vanquished.

Vanquished Creatures (collateral kills)
  An entropy weaver (Spider:2)
  Snorg (D:10)
  A harpy (Shoals:4)
  2 wolf spiders (Spider:4)
  3 orb spiders (Spider:4)
  A spiny frog (Vaults:1)
  4 jumping spiders
  3 hornets (Spider:4)
  4 tarantellas (Spider:4)
  4 redbacks
  A yak (D:10)
  A basilisk (D:13)
  2 orc warriors (Orc:2)
  A wight (D:10)
  An orc priest (D:10)
  3 orcs
33 creatures vanquished.

Vanquished Creatures (others)
  An ironheart preserver (Vaults:1)
  An entropy weaver (Spider:2)
  A hell hog (D:13)
  A wizard (Vaults:1)
  An orb spider (Spider:2)
  2 wolf spiders (Spider:2)
  A guardian serpent (Vaults:1)
  A gargoyle (D:13)
  2 yaktaurs (Vaults:1)
  A jumping spider (Spider:3)
  A hornet (Vaults:1)
  A snapping turtle (Shoals:1)
  A hippogriff (Vaults:1)
  4 redbacks
  A tarantella (Spider:3)
  A bullfrog skeleton (D:5)
  A worm (D:5)
  2 ball lightnings
  2 orcs
  4 fungi
  21 plants
  9 tentacles (Shoals:2)
60 creatures vanquished.

Grand Total: 1118 creatures vanquished

Notes
Turn   | Place    | Note
-------+----------+-------------------------------------------
     0 | D:1      | Revguard the Gargoyle Gladiator began the quest for the
                  | Orb.
     0 | D:1      | Reached XP level 1. HP: 12/12 MP: 1/1
    54 | D:1      | Reached XP level 2. HP: 10/17 MP: 2/2
   194 | D:1      | Reached XP level 3. HP: 19/22 MP: 3/3
   463 | D:2      | Noticed Terence
   483 | D:2      | Killed Terence
   483 | D:2      | Reached skill level 4 in Maces & Flails
   483 | D:2      | Reached XP level 4. HP: 25/27 MP: 4/4
  1362 | D:3      | Found a stormy altar of Qazlal.
  1370 | D:3      | Reached skill level 1 in Armour
  1753 | D:3      | Reached XP level 5. HP: 31/31 MP: 5/5
  2218 | D:4      | Reached skill level 5 in Maces & Flails
  2242 | D:4      | Reached XP level 6. HP: 25/37 MP: 6/6
  2757 | D:4      | Reached skill level 6 in Maces & Flails
  2777 | D:4      | Reached XP level 7. HP: 22/41 MP: 7/7
  2932 | D:5      | Entered Level 5 of the Dungeon
  2932 | D:5      | Noticed Prince Ribbit
  2987 | D:5      | Noticed Pikel
  3023 | D:5      | Killed Pikel
  3023 | D:5      | Reached skill level 7 in Maces & Flails
  3023 | D:5      | Reached XP level 8. HP: 30/48 MP: 8/8
  3158 | D:5      | Reached skill level 8 in Maces & Flails
  3176 | D:5      | Killed Prince Ribbit
  3401 | D:5      | Reached skill level 5 in Fighting
  3735 | D:6      | Reached XP level 9. HP: 54/54 MP: 9/9
  3784 | D:6      | Reached skill level 9 in Maces & Flails
  3821 | D:6      | Got a fine whip
  3822 | D:6      | Identified the +7 whip of Remmegog {slash, rC+ rN+ Str+4
                  | Int+4} (You found it on level 6 of the Dungeon)
  4202 | D:6      | Reached skill level 5 in Armour
  4627 | D:7      | Reached skill level 10 in Maces & Flails
  4627 | D:7      | Reached skill level 5 in Dodging
  4693 | D:7      | Found a staircase to the Ecumenical Temple.
  4703 | Temple   | Entered the Ecumenical Temple
  4824 | Temple   | Became a worshipper of Nemelex Xobeh the Trickster
  5177 | D:7      | Reached skill level 1 in Invocations
  5206 | D:7      | Received a gift from Nemelex Xobeh
  5367 | D:8      | Found a transporter.
  5372 | D:8      | Reached XP level 10. HP: 56/60 MP: 11/11
  5421 | D:8      | Found a sand-covered staircase.
  5426 | Ossuary  | Entered an ossuary
  5803 | D:8      | Reached * piety under Nemelex Xobeh
  6131 | D:8      | Found Dididd's Weapon Emporium.
  6213 | D:8      | Found a transporter.
  6285 | D:8      | Noticed Harold
  6320 | D:8      | Killed Harold
  6773 | D:9      | Reached ** piety under Nemelex Xobeh
  6793 | D:9      | Reached skill level 11 in Maces & Flails
  6866 | D:9      | Received a gift from Nemelex Xobeh
  6938 | D:9      | Got a brightly glowing leather armour
  6939 | D:9      | Identified the +1 leather armour of the Gloaming {rN+} (You
                  | found it on level 9 of the Dungeon)
  7264 | D:10     | Entered Level 10 of the Dungeon
  7658 | D:10     | Received a gift from Nemelex Xobeh
  7839 | D:10     | Reached XP level 11. HP: 60/67 MP: 14/14
  7937 | D:10     | Reached skill level 5 in Invocations
  8047 | D:10     | Noticed Snorg
  8063 | D:10     | Killed Snorg
  8263 | D:10     | Reached *** piety under Nemelex Xobeh
  8350 | D:10     | Noticed a two-headed ogre
  8367 | D:10     | Killed a two-headed ogre
  8367 | D:10     | Reached skill level 12 in Maces & Flails
  8394 | D:10     | Noticed Urug
  8409 | D:10     | Killed Urug
  8647 | D:11     | Noticed a four-headed hydra
  8659 | D:11     | Killed a four-headed hydra
  8799 | D:11     | Noticed Nergalle
  8808 | D:11     | Killed Nergalle
  9242 | D:11     | Reached XP level 12. HP: 46/75 MP: 17/17
  9344 | D:11     | Found a staircase to the Lair.
  9487 | D:11     | Found a portal to a secret trove of treasure.
  9931 | D:12     | Reached skill level 13 in Maces & Flails
  9939 | D:12     | Reached skill level 1 in Evocations
  9994 | D:12     | Received a gift from Nemelex Xobeh
 10635 | D:12     | You fall through a shaft!
 10640 | D:13     | Noticed an eight-headed hydra
 10642 | D:13     | Noticed a rakshasa
 10657 | D:13     | Killed an eight-headed hydra
 10667 | D:13     | HP: 3/76 [manticore (illusionary) (5)]
 11023 | D:13     | Noticed a vault guard
 11024 | D:13     | Noticed a vault guard
 11026 | D:13     | Noticed a vault guard
 11029 | D:13     | Noticed a vault guard
 11030 | D:13     | Noticed a vault guard
 11032 | D:13     | Noticed a vault guard
 11033 | D:13     | Noticed a vault guard
 11153 | D:13     | Killed a vault guard
 11153 | D:13     | Reached skill level 14 in Maces & Flails
 11154 | D:13     | Noticed a centaur warrior
 11167 | D:13     | Killed a centaur warrior
 11495 | D:13     | Reached XP level 13. HP: 66/82 MP: 19/19
 11499 | D:13     | Reached skill level 10 in Fighting
 11508 | D:13     | Killed a vault guard
 11619 | D:13     | a rakshasa changed into a hell hog
 11685 | D:13     | Killed a vault guard
 11708 | D:13     | Killed a vault guard
 11727 | D:13     | Killed a vault guard
 11867 | D:13     | Noticed a vault guard
 11878 | D:13     | Killed a vault guard
 12200 | D:13     | Found a gate to the Vaults.
 12206 | D:13     | Received a gift from Nemelex Xobeh
 12450 | D:13     | Killed a vault guard
 12459 | D:13     | Killed a vault guard
 12695 | D:12     | Found a staircase to the Orcish Mines.
 13032 | Orc:1    | Entered Level 1 of the Orcish Mines
 13209 | Orc:2    | Entered Level 2 of the Orcish Mines
 13241 | Orc:2    | Reached skill level 15 in Maces & Flails
 13281 | Orc:2    | Reached skill level 10 in Armour
 13405 | Orc:2    | Found a roughly hewn altar of Beogh.
 13659 | Orc:2    | Found a roughly hewn altar of Beogh.
 13661 | Orc:2    | Found Fusiel's Assorted Antiques.
 13694 | Orc:2    | Bought a glowing scarf for 240 gold pieces
 13807 | Orc:2    | Found a roughly hewn altar of Beogh.
 13865 | Orc:2    | Found a roughly hewn altar of Beogh.
 14057 | Orc:2    | Found a roughly hewn altar of Beogh.
 14061 | Orc:2    | Found Muthryub's General Store.
 14096 | Orc:2    | Received a gift from Nemelex Xobeh
 14100 | Orc:2    | Found a staircase to the Elven Halls.
 14153 | Orc:2    | Found a roughly hewn altar of Beogh.
 14243 | Orc:2    | Noticed an orc warlord
 14244 | Orc:2    | Found a roughly hewn altar of Beogh.
 14244 | Orc:2    | Found Sento's Antique Armour Shop.
 14251 | Orc:2    | Found Nur Xoep's Antique Weapon Boutique.
 14274 | Orc:2    | Killed an orc warlord
 14274 | Orc:2    | Reached skill level 10 in Invocations
 14274 | Orc:2    | Gained mutation: Your large and strong wings let you fly
                  | indefinitely. [Gargoyle growth]
 14274 | Orc:2    | Reached XP level 14. HP: 84/90 MP: 21/21
 14454 | Orc:2    | Found a roughly hewn altar of Beogh.
 14677 | Orc:1    | Reached **** piety under Nemelex Xobeh
 14989 | Lair:1   | Entered Level 1 of the Lair of Beasts
 15215 | Lair:1   | Received a gift from Nemelex Xobeh
 15787 | Lair:2   | Received a gift from Nemelex Xobeh
 15892 | Lair:2   | Reached skill level 16 in Maces & Flails
 15990 | Lair:2   | Reached ***** piety under Nemelex Xobeh
 16023 | Lair:2   | Received a gift from Nemelex Xobeh
 16332 | Lair:2   | Found a staircase to the Shoals.
 16508 | Lair:3   | Received a gift from Nemelex Xobeh
 16557 | Lair:3   | Found a stormy altar of Qazlal.
 17041 | Lair:3   | Gained mutation: You can translocate small distances at
                  | will. [potion of mutation]
 17041 | Lair:3   | Gained mutation: You have a pair of small horns on your
                  | head. [potion of mutation]
 17041 | Lair:3   | Gained mutation: You have large cloven feet. [potion of
                  | mutation]
 17041 | Lair:3   | Gained mutation: You are resistant to hostile enchantments.
                  | (MR+) [potion of mutation]
 17127 | Lair:3   | Received a gift from Nemelex Xobeh
 17753 | Lair:4   | Received a gift from Nemelex Xobeh
 17970 | Lair:4   | Found a runed translucent door.
 18219 | Lair:4   | Found a hole to the Spider Nest.
 18334 | Lair:4   | Received a gift from Nemelex Xobeh
 18665 | Lair:5   | Found a staircase to the Slime Pits.
 18666 | Lair:5   | Found a viscous altar of Jiyva.
 18684 | Lair:5   | Received a gift from Nemelex Xobeh
 18685 | Lair:5   | Found a gate leading to a gauntlet.
 18699 | Gauntlet | Entered a Gauntlet
 18699 | Gauntlet | Found a transporter.
 18699 | Gauntlet | Found a transporter.
 18699 | Gauntlet | Found a transporter.
 18699 | Gauntlet | Found a transporter.
 18704 | Gauntlet | Found a transporter.
 18706 | Gauntlet | Found a large runed translucent door.
 18707 | Gauntlet | Found a large runed translucent door.
 18708 | Gauntlet | Found a large runed translucent door.
 18708 | Gauntlet | Found a large runed translucent door.
 18708 | Gauntlet | Found a runed translucent door.
 18708 | Gauntlet | Found a runed translucent door.
 18711 | Gauntlet | Found a large runed translucent door.
 18718 | Gauntlet | Found a transporter.
 18724 | Gauntlet | Found a transporter.
 18732 | Gauntlet | Found a large runed translucent door.
 18733 | Gauntlet | Found a large runed translucent door.
 18734 | Gauntlet | Found a large runed translucent door.
 18735 | Gauntlet | Found a runed translucent gate.
 18739 | Gauntlet | Found a transporter.
 18759 | Gauntlet | Found a transporter.
 18776 | Gauntlet | Found a transporter.
 18784 | Gauntlet | Found a transporter.
 18803 | Gauntlet | Received a gift from Nemelex Xobeh
 18844 | Gauntlet | Found a large runed translucent door.
 18845 | Gauntlet | Found a large runed translucent door.
 18846 | Gauntlet | Found a large runed translucent door.
 18846 | Gauntlet | Found a large runed translucent door.
 18847 | Gauntlet | Found a large runed translucent door.
 18848 | Gauntlet | Found a large runed translucent door.
 18849 | Gauntlet | Found a large runed translucent door.
 18849 | Gauntlet | Found a large runed translucent door.
 18850 | Gauntlet | Found a runed translucent gate.
 18850 | Gauntlet | Found a runed translucent gate.
 18852 | Gauntlet | Found a transporter.
 19262 | Gauntlet | Got a transparent brass ring
 19267 | Gauntlet | Identified the ring "Yjobbas" {*Tele rF+ rC+} (You found it
                  | in a Gauntlet)
 19286 | Gauntlet | Identified the +5 broad axe "Goblinslayer" {speed, *Corrode
                  | MR- Int+8 SInv}
 19298 | Gauntlet | Reached XP level 15. HP: 77/97 MP: 22/22
 19515 | Lair:5   | Received a gift from Nemelex Xobeh
 19519 | Lair:5   | You fall through a shaft!
 19519 | Lair:6   | Entered Level 6 of the Lair of Beasts
 20245 | Lair:6   | Received a gift from Nemelex Xobeh
 20452 | Lair:6   | Reached skill level 17 in Maces & Flails
 20669 | Lair:6   | Found a burning altar of Makhleb.
 20923 | Lair:6   | Found a gateway to Hell.
 21385 | Spider:1 | Entered Level 1 of the Spider Nest
 21894 | Spider:1 | Got a scorched demon whip
 21905 | Spider:1 | Identified the +10 demon whip of the Goat {vamp, rF+++}
                  | (You found it on level 1 of the Spider Nest)
 22002 | Spider:1 | Received a gift from Nemelex Xobeh
 22342 | Spider:2 | Reached XP level 16. HP: 93/107 MP: 23/23
 23007 | Spider:3 | Reached ****** piety under Nemelex Xobeh
 23085 | Spider:3 | Noticed a storm dragon
 23091 | Spider:3 | a storm dragon changed into a manticore
 23323 | Spider:3 | Received a gift from Nemelex Xobeh
 23424 | Spider:3 | Reached skill level 15 in Fighting
 23835 | Spider:3 | Received a gift from Nemelex Xobeh
 24127 | Spider:4 | Entered Level 4 of the Spider Nest
 24516 | Spider:4 | Identified a scroll of acquirement
 24517 | Spider:4 | Got a vibrating jade amulet
 24740 | Spider:4 | Identified the amulet "Xorghutre" {+Rage Int+2} (You
                  | acquired it on level 4 of the Spider Nest)
 24794 | Spider:4 | Received a gift from Nemelex Xobeh
 24924 | Spider:4 | Reached XP level 17. HP: 34/113 MP: 8/24
 24939 | Spider:4 | Reached skill level 15 in Armour
 25596 | Spider:4 | Reached skill level 18 in Maces & Flails
 25886 | Spider:4 | Got a gossamer rune of Zot
 25986 | Spider:3 | Got a shimmering shield
 26103 | Shoals:1 | Entered Level 1 of the Shoals
 26103 | Shoals:1 | Received a gift from Nemelex Xobeh
 26595 | Shoals:1 | Received a gift from Nemelex Xobeh
 27079 | Shoals:2 | Noticed a kraken
 27090 | Shoals:2 | Killed a kraken
 27361 | Shoals:2 | Received a gift from Nemelex Xobeh
 27541 | Shoals:2 | Noticed a kraken
 27569 | Shoals:2 | Killed a kraken
 27606 | Shoals:2 | Noticed Louise
 27631 | Shoals:2 | Killed Louise
 27741 | Shoals:2 | Received a gift from Nemelex Xobeh
 27756 | Shoals:2 | Identified the cursed -5 shield of the Barnacle {rElec rN+
                  | Str-3 Dex+4} (You found it on level 3 of the Spider Nest)
 28308 | Shoals:3 | Received a gift from Nemelex Xobeh
 28403 | Shoals:3 | Reached XP level 18. HP: 122/122 MP: 25/25
 28875 | Shoals:4 | Entered Level 4 of the Shoals
 29124 | Shoals:4 | Got a vibrating pewter ring
 29134 | Shoals:4 | Identified the ring "Kefi" {MR+ MP+9} (You found it on
                  | level 4 of the Shoals)
 29305 | Shoals:4 | Noticed Roxanne
 29327 | Shoals:4 | Killed Roxanne
 29489 | Shoals:4 | Received a gift from Nemelex Xobeh
 29651 | Shoals:4 | Found the +7 mace of Variability {chain chaos}
 29865 | Shoals:4 | Got a barnacled rune of Zot
 30291 | Vaults:1 | Entered Level 1 of the Vaults
 30292 | Vaults:1 | Reached skill level 19 in Maces & Flails
 30450 | Vaults:1 | Received a gift from Nemelex Xobeh
 30637 | Vaults:1 | HP: 4/125 [yaktaur captain/bolt (23)]
 30642 | Vaults:1 | Shot with a bolt by a yaktaur captain

Skill      XL: |  1  2  3  4  5  6  7  8  9 10 11 12 13 14 15 16 17 18 |
---------------+-------------------------------------------------------+-----
Maces & Flails | 4 5 6 7 8 10 11 12 14 15 16 17 18 19 | 19.2
Dodging        | 3 4 5 6 7 |  7.5
Armour         | 1 2 3 4 5 6 7 9 10 11 13 14 16 17 | 17.0
Fighting       | 3 4 5 6 7 8 9 11 12 14 15 16 18 | 18.3
Invocations    | 1 4 6 8 10 | 10.1
Evocations     | 1 2 3 |  3.5
Throwing       | |  1.7

Action                   |  1- 3 |  4- 6 |  7- 9 | 10-12 | 13-15 | 16-18 || total
-------------------------+-------+-------+-------+-------+-------+-------++-------
Melee: Mace              |    80 |       |       |       |       |       ||    80
       Flail             |     3 |   178 |   183 |       |       |       ||   364
       Whip              |       |       |   138 |   419 |       |       ||   557
       Eveningstar       |       |       |       |   321 |  1219 |       ||  1540
       Headbutt          |       |       |       |       |   142 |   423 ||   565
       Demon whip        |       |       |       |       |    19 |  1546 ||  1565
Invok: Triple Draw       |       |       |       |     1 |     1 |       ||     2
       Stack Five        |       |       |       |       |     1 |       ||     1
       Deal Four         |       |       |       |       |     1 |     3 ||     4
 Abil: Draw Summoning    |       |       |       |     3 |     2 |    12 ||    17
       Draw Destruction  |       |       |       |     7 |    16 |    33 ||    56
       Draw Escape       |       |       |       |     2 |     4 |    12 ||    18
       Draw Stack        |       |       |       |       |     5 |       ||     5
       Fly               |       |       |       |       |     2 |     2 ||     4
       Stop Flying       |       |       |       |       |     2 |     1 ||     3
Evoke: Wand              |       |       |       |     9 |    12 |    23 ||    44
       Box of beasts     |       |       |       |     1 |     4 |       ||     5
       Phantom mirror    |       |       |       |       |       |     1 ||     1
  Use: Scroll            |     5 |     3 |     9 |    25 |    14 |     8 ||    64
       Potion            |       |       |     1 |     4 |     9 |     9 ||    23
 Stab: Confused          |       |       |       |     2 |     1 |       ||     3
       Petrified         |       |       |       |       |     2 |     1 ||     3
       Paralysed         |       |       |       |       |     2 |     2 ||     4
       Distracted        |       |       |       |       |       |     2 ||     2
  Eat: Chunk             |       |     5 |     7 |    16 |    27 |    19 ||    74
       Ration            |       |       |     1 |     1 |     4 |     2 ||     8
Armor: Leather armour    |    17 |       |       |       |       |       ||    17
       Ring mail         |    43 |       |   132 |    63 |       |       ||   238
       Scale mail        |       |   116 |    60 |       |       |       ||   176
       Plate armour      |       |       |       |   508 |  1106 |  2116 ||  3730
Dodge: Dodged            |    82 |   108 |   193 |   328 |  1043 |  1918 ||  3672
